 Dungeon Crawl Stone Soup version 0.27-a0-1200-g94dc6ad4cf (webtiles) character file.

Game seed: 3502876741461705911

3314 senseless the Destroyer (level 9, -3/70 HPs)
             Began as a Green Draconian Conjurer on June 1, 2021.
             Was a Believer of the Shining One.
             Shot with an arrow by a centaur warrior (19 damage)
             ... on level 9 of the Dungeon.
             The game lasted 00:27:47 (11212 turns).

senseless the Destroyer (Green Draconian Conjurer) Turns: 11212, Time: 00:27:48

Health: -3/70      AC:  8    Str:  9    XL:     9   Next: 70%
Magic:  18/20      EV: 29    Int: 28    God:    the Shining One [**....]
Gold:   460        SH:  0    Dex: 16    Spells: 9/23 levels left

rFire    . . .     SeeInvis .   o - +2 dagger (venom)
rCold    . . .     Faith    .   (no shield)
rNeg     + . .     Spirit   .   (armour unavailable)
rPois    +         Reflect  .   (helmet restricted)
rElec    .         Harm     .   (no cloak)
rCorr    .         Rampage  .   (no gloves)
Will     .....                  E - +0 pair of boots
Stlth    +.........             a - amulet of the acrobat
HPRegen  0.21/turn              D - +6 ring of intelligence
MPRegen  0.17/turn              w - +6 ring of dexterity

@: acrobatic, glowing
A: breathe noxious fumes, AC +7, unfitting armour, poison resistance,
cold-blooded
a: Breathe Noxious Fumes, Renounce Religion, Divine Shield


You were on level 9 of the Dungeon.
You worshipped the Shining One.
The Shining One was pleased with you.
You visited 2 branches of the dungeon, and saw 10 of its levels.

You collected 460 gold pieces.

Inventory:

Hand Weapons
 e - a +0 dagger
 l - a +1 whip of venom
 o - a +2 dagger of venom (weapon)
 z - a +2 dagger of freezing
 H - a +1 long sword of electrocution
Missiles
 i - 4 throwing nets
 k - 40 poisoned darts
 G - a curare-tipped dart
Armour
 E - a +0 pair of boots (worn)
Jewellery
 a - an amulet of the acrobat (around neck)
 q - a +6 ring of strength
 w - a +6 ring of dexterity (right hand)
 A - a ring of willpower
 C - a ring of protection from cold
 D - a +6 ring of intelligence (left hand)
Wands
 p - a wand of digging (15)
 B - a wand of iceblast (8)
 F - a wand of flame (25)
Scrolls
 b - a scroll of immolation
 c - 3 scrolls of blinking
 n - 2 scrolls of summoning
 r - 6 scrolls of teleportation
 v - 3 scrolls of amnesia
 x - 3 scrolls of magic mapping
 y - a scroll of fog
 I - a scroll of enchant weapon {unknown}
Potions
 d - 2 potions of attraction {unknown}
 f - 3 potions of flight
 g - a potion of cancellation {unknown}
 h - 2 potions of might {unknown}
 j - 2 potions of degeneration {unknown}
 m - 3 potions of heal wounds
 s - 2 potions of lignification {unknown}
 t - a potion of berserk rage {unknown}
 u - a potion of ambrosia {unknown}


   Skills:
 + Level 3.6 Fighting
 + Level 3.4 Short Blades
 + Level 1.0 Maces & Flails
 + Level 0.1 Throwing
 + Level 4.6 Dodging
 + Level 3.5 Stealth
 + Level 0.7 Unarmed Combat
 + Level 7.5 Spellcasting
 + Level 9.0 Conjurations


You had 9 spell levels left.
You knew the following spells:

 Your Spells              Type           Power      Damage    Failure   Level
a - Magic Dart            Conj           100%       1d8       1%          1
b - Searing Ray           Conj           100%       3d7       1%          2
c - Dazzling Flash        Conj/Hex       70%        N/A       2%          3
d - Fulminant Prism       Conj/Hex       17%        3d11      8%          4
e - Iskenderun's Mystic   Conj/Tloc      35%        2d8       8%          4

Your spell library contained the following spells:

 Spells                   Type           Power      Damage    Failure   Level


Dungeon Overview and Level Annotations

Branches:
Dungeon (9/15)             Temple (1/1) D:5
   Lair: D:8-11         Orc: D:9-12

Altars:
Ashenzari
Cheibriados
Dithmenos
Elyvilon
Fedhas
Gozag
Hepliaklqana
Makhleb
Nemelex Xobeh
Okawaru
Qazlal
Ru
Trog
Uskayaw
Wu Jian
Yredelemnul
Zin
The Shining One

Shops:
D:4 !   D:8 *

Annotations:
D:2 1 runed translucent door, Crazy Yiuf
D:5 Alter's ghost, amateur DrFi


Innate Abilities, Weirdness & Mutations

You can breathe blasts of noxious fumes.
Your lurid green scales are hard. (AC +7)
You cannot fit into any form of body armour.
Your system is resistant to poisons. (rPois)
You are cold-blooded and may be slowed by cold attacks.


Message History

The orc wizard is moderately wounded.
The orc wizard points at you and mumbles some strange words.
The puff of flame hits you!
The magic dart hits the orc wizard!
The orc wizard is severely wounded.
The orc wizard points at itself and mumbles some strange words.
The orc wizard flickers and vanishes!
Deactivating autopickup; reactivate with Ctrl-A.
You can't see any susceptible monsters within range! (Use Z to cast anyway.)
Casting: Magic Dart (safe; 1% risk of failure)
Confirm with . or Enter, or press ? or * to list all spells.
Aiming: Magic Dart (safe; 1% risk of failure)
Press: ? - help, Shift-Dir - straight line The magic dart hits something!
Reactivating autopickup.
You feel a bit more experienced.
You start resting.
Magic restored.
You start resting.
HP restored.
Things that are here:
a +0 dagger; an orc corpse
Found a plate armour.
I - a scroll labelled AFINAU REUL
Things that are here:
a +1 dagger of venom; a +0 robe
Found an escape hatch in the ceiling.
A centaur warrior comes into view.
The magic dart hits the centaur warrior.
The centaur warrior is lightly wounded.
The centaur warrior shouts!
The centaur warrior wields a +0 longbow.
The centaur warrior shoots an arrow.
The arrow hits you.
The centaur warrior shoots an arrow.
The arrow hits you!!
The magic dart hits the centaur warrior.
The centaur warrior is lightly wounded.
The centaur warrior shoots an arrow.
The arrow hits you!!
* * * LOW HITPOINT WARNING * * *
The centaur warrior shoots an arrow.
The arrow hits you!!
You die...

.. #. ..######.
......... .........
......# ... ....######.
#... #.........
#...##### ####.......c
#.......###...@.......
#..^..................
#.....................
##.....................
##..............<.......
......[...######........
........### #........
<.)..).### .........
.........# ....


You could see a centaur warrior.

Vanquished Creatures
  Maggie (D:6)
  Eustachio (D:4)
  A steam dragon (D:8)
  Menkaure (D:7)
  3 water moccasins
  2 black bears
  A sky beast (D:8)
  A necrophage (D:7)
  3 centaurs
  2 kobold brigands
  3 bullfrogs
  A water moccasin zombie (D:6)
  A wyvern skeleton (D:6)
  A water moccasin skeleton (D:5)
  3 killer bees (D:7)
  An electric eel (D:6)
  2 howler monkeys
  A bullfrog zombie (D:4)
  2 quasits (D:5)
  A centaur zombie (D:6)
  A jelly (D:7)
  A gnoll shaman (D:8)
  3 orc priests
  2 hounds
  Jessica (D:2)
  2 centaur skeletons
  8 orc wizards
  A killer bee zombie (D:8)
  A hound skeleton (D:5)
  2 howler monkey skeletons
  A howler monkey zombie (D:6)
  15 gnolls
  5 adders
  A shadow imp (D:6)
  A white imp (D:6)
  An ufetubus (D:7)
  2 adder skeletons (D:4)
  3 worms
  A dart slug (D:1)
  16 orcs
  6 ball pythons
  7 endoplasms
  2 giant cockroaches
  9 goblins
  8 hobgoblins
  3 jackals (D:2)
  4 bats
  4 frilled lizards
  11 kobolds
  8 rats
162 creatures vanquished.

Vanquished Creatures (others)
  An orc (D:6)
  2 kobolds (D:8)
3 creatures vanquished.

Grand Total: 165 creatures vanquished

Notes
Turn   | Place    | Note
-------+----------+-------------------------------------------
     0 | D:1      | senseless the Draconian Conjurer began the quest for the
                  | Orb.
     0 | D:1      | Reached XP level 1. HP: 14/14 MP: 3/3
   201 | D:1      | Reached XP level 2. HP: 15/20 MP: 1/5
   304 | D:1      | Learned a level 2 spell: Searing Ray
   375 | D:1      | Found a faded altar of an unknown god.
  1554 | D:2      | Found a runed translucent door.
  1555 | D:2      | Noticed Crazy Yiuf
  1685 | D:2      | Reached XP level 3. HP: 26/26 MP: 3/6
  1868 | D:2      | Reached skill level 5 in Conjurations
  2129 | D:2      | Noticed Jessica
  2132 | D:2      | Killed Jessica
  2133 | D:2      | Reached XP level 4. HP: 33/33 MP: 3/7
  2715 | D:2      | Found an ornate altar of the Wu Jian Council.
  3159 | D:2      | Reached XP level 5. HP: 37/38 MP: 5/9
  4264 | D:4      | Found Caabampikh's Distillery.
  4676 | D:4      | Noticed Eustachio
  4689 | D:4      | Killed Eustachio
  4690 | D:4      | Reached skill level 6 in Conjurations
  4690 | D:4      | Reached XP level 6. HP: 45/45 MP: 0/11
  5817 | D:5      | Entered Level 5 of the Dungeon
  5826 | D:5      | Found a transporter.
  6098 | D:5      | Noticed a water moccasin
  6113 | D:5      | Killed a water moccasin
  6114 | D:5      | Your scales start taking on a lurid green colour.
  6114 | D:5      | Reached XP level 7. HP: 46/51 MP: 6/13
  6114 | D:5      | Gained mutation: Your system is resistant to poisons.
                  | (rPois) [Green Draconian growth]
  6275 | D:5      | Reached skill level 1 in Fighting
  6323 | D:5      | Reached skill level 1 in Maces & Flails
  6368 | D:5      | Reached skill level 1 in Short Blades
  6368 | D:5      | Reached skill level 5 in Spellcasting
  6368 | D:5      | Reached skill level 7 in Conjurations
  6512 | D:5      | Found a staircase to the Ecumenical Temple.
  6522 | Temple   | Entered the Ecumenical Temple
  6716 | Temple   | Became a worshipper of the Shining One
  6771 | D:5      | Found a transporter.
  6776 | D:5      | Noticed Alter's ghost (amateur DrFi)
  7181 | D:6      | Reached XP level 8. HP: 54/59 MP: 7/15
  7357 | D:6      | Found a broken altar of Ashenzari.
  7473 | D:6      | Noticed Maggie
  7656 | D:6      | Killed Maggie
  7969 | D:6      | Reached * piety under the Shining One
  8519 | D:6      | Reached XP level 9. HP: 43/68 MP: 15/18
  9168 | D:7      | Reached skill level 8 in Conjurations
  9407 | D:7      | Noticed Menkaure
  9415 | D:7      | Killed Menkaure
  9869 | D:7      | Learned a level 3 spell: Dazzling Flash
  9875 | D:7      | Learned a level 4 spell: Fulminant Prism
  9880 | D:7      | Learned a level 4 spell: Iskenderun's Mystic Blast
 10315 | D:8      | Reached ** piety under the Shining One
 10427 | D:8      | Found Beidghyshro's Demolitions Depot.
 11097 | D:8      | Reached skill level 9 in Conjurations
 11209 | D:9      | Noticed a centaur warrior
 11212 | D:9      | Shot with an arrow by a centaur warrior

Illustrated notes

Levels and vault maps discovered:
D:1:      dpeg_arrival_morbid_curiosity, layout_basic,
          shapermc_ecumenical_altar_mp_ritualfount, serial_corexii_hall,
          corexii_hall_statues_i, chequers_hall_statues_corner_a
D:2:      layout_basic, basic_altar, uniq_jessica, uniq_crazy_yiuf_cottage
D:3:      layout_basic
D:4:      layout_basic, serial_shops, shop, st_stairs_7, uniq_eustachio
D:5:      layout_rooms, temple_green, gammafunk_ghost_stat_death
D:6:      layout_loops_ring, nicolae_ashenzari_skybound, minivault_23,
          kennysheep_cross_bottleneck, uniq_maggie
D:7:      layout_gridville, uniq_menkaure
D:8:      layout_rooms, nicolae_blasting_shop, feat_on_display
D:9:      layout_layer_cave, jmf_multi_god_temple2, minivault_16,
          minmay_misc_feat_doors
Temple:   minmay_crystal_spiral_temple

Skill      XL: |  1  2  3  4  5  6  7  8  9 |
---------------+----------------------------+-----
Stealth        | 2 3 |  3.5
Conjurations   | 5 6 7 9 |  9.0
Dodging        | 2 4 |  4.6
Spellcasting   | 3 4 5 6 7 |  7.5
Fighting       | 1 2 3 |  3.6
Maces & Flails | 1 |  1.0
Short Blades   | 1 2 3 |  3.4
Throwing       | |  0.1
Unarmed Combat | |  0.7

Action                   |  1- 3 |  4- 6 |  7- 9 || total
-------------------------+-------+-------+-------++-------
Melee: Unarmed           |    13 |       |       ||    13
       Tailslap          |     2 |     3 |     8 ||    13
       Dagger            |       |    19 |    80 ||    99
       Whip              |       |     9 |       ||     9
Throw: Dart              |       |     1 |       ||     1
       Throwing net      |       |     1 |       ||     1
 Cast: Magic Dart        |    61 |   143 |   225 ||   429
       Searing Ray       |     1 |     3 |    20 ||    24
 Abil: Breathe Noxious F |       |       |     1 ||     1
  Use: Scroll            |     3 |     8 |     3 ||    14
Armor: Skin              |     3 |    10 |    62 ||    75
Dodge: Dodged            |    12 |    31 |   147 ||   190

Table legend: (Time is in decaauts)
 A = Elapsed time spent in this place.
 B = Non-inter-level travel time spent in this place.
 C = Inter-level travel time spent in this place.
 D = Time resting spent in this place.
 E = Time spent auto-exploring this place.
 F = Levels seen in this place.
 G = Mean time per level.
                   A        B        C        D        E       F      G
               +--------+--------+--------+--------+--------+-----+--------+
         Total |  11215 |  10821 |    394 |   1571 |   8127 |  10 | 1121.5 |
       Dungeon |  11001 |  10691 |    310 |   1571 |   8001 |   9 | 1222.3 |
        Temple |    213 |    129 |     84 |      0 |    126 |   1 |  213.0 |
               +--------+--------+--------+--------+--------+-----+--------+

Top non-repeatable levels by time:
     D:6: 1818 daAuts
     D:2: 1752 daAuts
     D:4: 1711 daAuts
     D:1: 1593 daAuts
     D:7: 1271 daAuts
     D:8: 990 daAuts
     D:3: 902 daAuts
     D:5: 876 daAuts
  Temple: 213 daAuts
     D:9: 85 daAuts
